Map: Miner Evacuation

Players

ViS

  • Race: Zerg Zerg

MemeMastodon

  • Race: Terran Terran
  • Spawn Location: 7:00

VOD

Have the link to the VOD?

Description

Time

  • Played on: Feb. 8, 2018, 3:38 a.m.
  • Length: 17:06
Show
View Real Time Build Order
Export as new Build Order

ViS Zerg 

Build Orders:  

Get SALT Encoding   

  18  0:03  Primal Drone  
  19  0:15  Primal Drone  
  19  0:19  Primal Drone  
  21  0:28  Extractor  
  21  0:51  Primal Warden  
  21  0:59  Primal Drone  
  23  1:02  Primal Drone  
  24  1:10  Primal Drone  
  25  1:21  Primal Drone  
  25  1:24  Primal Drone  
  27  1:43  Primal Drone  
  28  2:05  Primal Drone  
  28  2:09  Extractor  
  29  2:10  Glevig's Den  
  29  2:19  Primal Drone  
  29  2:33  Primal Drone  
  30  2:41  Primal Drone  
  31  3:15  Primal Drone x2  
  33  3:35  Primal Drone  
  34  3:53  Murvar's Den  
  34  3:57  Primal Drone  
  36  4:01  Primal Wurm  
  36  4:04  Primal Wurm  
  36  4:22  Primal Drone x2  
  36  4:29  Primal Roach x2  
  42  4:54  Primal Drone x2  
  44  5:30  Primal Drone x2  
  47  5:41  Primal Wurm  
  47  6:19  Primal Drone x3  
  50  6:21  Aerial Burst Sacs  
  50  6:25  Primal Guardian  
  50  6:26  Dakrun's Den  
  50  6:28  Primal Roach x2  
  50  6:29  Primal Roach x2  
  56  6:30  Primal Drone  
  56  6:36  Primal Wurm  
  56  7:05  Primal Guardian x2  
  56  7:08  Primal Attacks Level 1  
  55  7:24  Primal Drone x3  
  55  7:29  Primal Wurm  
  56  7:37  Primal Drone  
  58  7:54  Primal Wurm  
  58  7:55  Primal Drone  
  59  8:11  Primal Drone  
  60  8:40  Primal Roach  
  60  8:41  Primal Roach x3  
  60  8:42  Primal Drone x2  
  60  8:44  Primal Roach  
  72  9:13  Explosive Spores  
  72  9:15  Primal Drone x2  
  75  9:34  Primal Wurm  
  71  10:13  Primordial Fury  
  69  10:43  Primal Roach x4  
  69  10:46  Primal Guardian  
  69  10:47  Primal Guardian  
  69  10:49  Primal Roach  
  75  11:15  Primal Guardian x2  
  75  11:16  Primal Guardian  
  72  11:23  Primal Drone x4  
  80  11:32  Primal Wurm  
  80  11:43  Primal Wurm  
  80  11:44  Primal Wurm  
  80  11:47  Primal Wurm  
  80  12:19  Primal Drone  
  81  12:20  Primal Drone x3  
  81  12:21  Primal Attacks Level 2  
  81  12:43  Primal Drone  
  81  12:44  Primal Drone  
  71  13:05  Primal Roach x5  
  71  13:07  Primal Drone  
  82  14:07  Primal Roach x2  
  82  14:08  Primal Roach  
  82  14:09  Primal Guardian x2  
  90  14:28  Primal Wurm  
  90  14:33  Primal Drone  
  90  14:34  Primal Drone x2  
  90  14:37  Primal Wurm x3  
  93  14:40  Primal Guardian x2  
  77  16:38  Primal Drone  
  77  16:39  Primal Drone x2  
Show
View Real Time Build Order
Export as new Build Order

MemeMastodon Terran 

Build Orders:  

Get SALT Encoding   

Tags
 
Add a new tag
Caveats
  • Supply blocks, unpowered buildings, or Contaminate may cause inaccurate times.
  • Supply counts are checked every 10 seconds.